Map: Dämmertürme

Players

Steven - Winner!

  • Race: Protoss Protoss
  • League: Diamond

Jitano

  • Race: Protoss Protoss
  • League: Diamond

VOD

Have the link to the VOD?

Description

Time

  • Played on: Dec. 25, 2015, 6:50 a.m.
  • Length: 18:56
Show
View Real Time Build Order
Export as new Build Order

Steven Protoss - Winner!

Build Orders:  

Get SALT Encoding   

  12  0:01  Probe (Chrono Boost)  
  13  0:11  Probe (Chrono Boost)  
  14  0:17  Pylon  
  14  0:22  Probe (Chrono Boost)  
  15  0:36  Probe (Chrono Boost)  
  15  0:40  Gateway  
  16  0:46  Probe (Chrono Boost)  
  16  0:48  Assimilator  
  18  0:57  Probe (Chrono Boost)  
  18  1:07  Probe (Chrono Boost)  
  19  1:13  Gateway  
  20  1:18  Probe (Chrono Boost)  
  20  1:25  Pylon  
  20  1:28  Cybernetics Core  
  20  1:30  Probe (Chrono Boost)  
  21  1:41  Probe (Chrono Boost)  
  22  2:02  Nexus  
  24  2:10  Adept (Chrono Boost)  
  24  2:14  Adept (Chrono Boost)  
  26  2:20  Mothership Core  
  28  2:26  Assimilator  
  28  2:35  Warp Gate (Chrono Boost)  
  28  2:41  Probe  
  29  2:47  Pylon  
  29  2:53  Probe  
  30  3:05  Robotics Facility  
  30  3:06  Probe  
  31  3:18  Probe  
  32  3:30  Probe  
  31  3:50  Pylon  
  30  4:05  Warp Prism (Chrono Boost)  
  30  4:09  Twilight Council  
  32  4:12  Pylon  
  32  4:14  Probe  
  32  4:15  Probe  
  32  4:25  Probe  
  32  4:28  Probe  
  34  4:32  Gateway  
  34  4:34  Gateway  
  34  4:37  Adept x2  
  38  4:40  Observer (Chrono Boost)  
  39  4:46  Resonating Glaives (Chrono Boost)  
  39  4:49  Probe  
  39  4:51  Probe, Assimilator  
  41  4:55  Robotics Bay, Assimilator  
  41  5:00  Probe  
  41  5:03  Probe  
  43  5:15  Nexus  
  43  5:16  Probe  
  44  5:22  Observer  
  44  5:26  Probe  
  44  5:44  Disruptor  
  44  5:48  Probe  
  45  5:50  Probe  
  45  5:55  Pylon  
  47  5:59  Probe, Pylon  
  47  6:02  Probe  
  49  6:05  Stalker x3, Pylon  
  49  6:07  Stalker  
  49  6:09  Pylon  
  49  6:10  Probe  
  58  6:19  Blink (Chrono Boost)  
  58  6:29  Adept x3  
  58  6:30  Adept  
  66  6:36  Forge  
  66  6:40  Forge  
  66  6:42  Probe  
  66  6:46  Disruptor  
  70  7:22  Disruptor  
  70  7:26  Adept x3  
  70  7:27  Adept  
  65  8:07  Disruptor  
  65  8:08  Adept  
  65  8:09  Adept  
  65  8:10  Adept x2  
  76  8:17  Gateway  
  76  8:20  Gateway  
  76  8:24  Gateway  
  76  8:30  Pylon  
  76  8:33  Pylon  
  72  8:55  Probe  
  70  8:56  Probe x2  
  70  8:58  Protoss Ground Weapons Level 1 (Chrono Boost), Protoss Ground Armor Level 1 (Chrono Boost)  
  69  9:03  Stalker x2  
  69  9:04  Stalker  
  69  9:08  Probe  
  69  9:09  Pylon  
  76  9:11  Assimilator  
  76  9:16  Stargate, Assimilator  
  76  9:19  Stargate  
  76  9:26  Nexus, Stargate  
  76  9:29  Pylon  
  76  9:30  Pylon  
  76  9:36  Photon Cannon  
  76  9:37  Photon Cannon, Assimilator  
  76  9:40  Photon Cannon  
  76  9:42  Assimilator  
  76  9:43  Stalker  
  78  9:52  Probe  
  78  9:53  Probe x2  
  81  10:02  Pylon  
  81  10:05  Probe x2, Photon Cannon  
  83  10:09  Fleet Beacon  
  83  10:30  Photon Cannon  
  83  10:48  Probe x2  
  83  10:49  Probe x2  
  87  10:55  Tempest x2 (Chrono Boost)  
  101  11:01  Probe  
  102  11:06  Pylon  
  102  11:11  Tempest (Chrono Boost)  
  106  11:13  Protoss Air Weapons Level 1 (Chrono Boost)  
  106  11:30  Observer  
  106  11:33  Tempest (Chrono Boost)  
  106  11:34  Probe, Tempest (Chrono Boost)  
  106  11:35  Probe  
  106  11:36  Probe  
  117  11:42  Cybernetics Core  
  117  11:46  Probe  
  118  11:49  Stargate  
  118  11:50  Photon Cannon  
  118  11:53  Pylon  
  118  11:58  Probe  
  119  12:09  Tempest  
  119  12:10  Tempest  
  119  12:12  Protoss Ground Weapons Level 2  
  119  12:13  Protoss Ground Armor Level 2  
  123  12:16  Tempest  
  131  12:33  Pylon  
  131  12:36  Pylon  
  131  12:38  Protoss Air Armor Level 1 (Chrono Boost)  
  131  12:47  Tempest (Chrono Boost), Photon Cannon  
  131  12:51  Carrier (Chrono Boost)  
  131  12:52  Pylon  
  141  12:58  Carrier (Chrono Boost)  
  147  13:11  Graviton Catapult  
  147  13:26  Observer, Carrier (Chrono Boost)  
  154  13:42  Photon Cannon  
  154  13:58  Dark Shrine, Photon Cannon  
  154  13:59  Photon Cannon  
  154  14:00  Photon Cannon  
  154  14:09  Protoss Air Weapons Level 2 (Chrono Boost)  
  154  14:15  Nexus  
  154  14:16  Photon Cannon  
  154  14:18  Assimilator  
  154  14:22  Assimilator  
  154  14:26  Tempest  
  158  14:43  Protoss Air Armor Level 2 (Chrono Boost), Tempest  
  162  14:55  Gateway  
  162  14:57  Gateway  
  162  15:01  Pylon  
  162  15:03  Pylon  
  162  15:05  Templar Archives  
  162  15:08  Photon Cannon  
  162  15:14  Photon Cannon  
  162  15:17  Pylon  
  162  15:30  Robotics Facility  
  162  15:33  Robotics Facility  
  162  15:35  Protoss Shields Level 1  
  162  15:36  Protoss Ground Armor Level 3  
  162  15:41  Photon Cannon  
  162  15:45  Photon Cannon  
  162  15:52  Pylon  
  162  15:55  Pylon  
  162  15:59  Pylon  
  162  16:03  Tempest x2  
  168  16:20  Stalker x3  
  168  16:21  Stalker  
  174  16:42  Tempest  
  174  17:18  Carrier x2  
  156  17:30  Carrier  
  180  17:50  High Templar x4  
  180  17:51  High Templar x4  
  192  17:52  Probe  
  197  18:02  Probe  
  198  18:06  Archon x2  
  198  18:07  Archon x2  
  198  18:13  Probe  
  198  18:19  Pylon, Photon Cannon  
  199  18:20  Photon Cannon  
  199  18:22  Pylon  
Show
View Real Time Build Order
Export as new Build Order

Jitano Protoss 

Build Orders: Nexus First 

Get SALT Encoding   

  12  0:01  Probe (Chrono Boost)  
  13  0:11  Probe (Chrono Boost)  
  14  0:17  Pylon  
  14  0:22  Probe (Chrono Boost)  
  16  0:35  Probe (Chrono Boost)  
  16  0:53  Nexus  
  16  0:58  Probe (Chrono Boost)  
  17  1:07  Gateway  
  17  1:10  Probe (Chrono Boost)  
  18  1:15  Assimilator  
  18  1:21  Probe (Chrono Boost)  
  18  1:25  Assimilator  
  19  1:32  Probe (Chrono Boost)  
  20  1:38  Gateway  
  20  1:42  Probe (Chrono Boost)  
  21  1:53  Probe (Chrono Boost)  
  22  1:56  Cybernetics Core  
  22  2:03  Probe (Chrono Boost)  
  22  2:06  Probe (Chrono Boost)  
  24  2:14  Probe (Chrono Boost)  
  25  2:16  Probe (Chrono Boost)  
  26  2:24  Probe (Chrono Boost)  
  26  2:27  Probe (Chrono Boost)  
  28  2:32  Adept (Chrono Boost)  
  28  2:35  Adept (Chrono Boost)  
  33  2:37  Probe  
  33  2:38  Mothership Core  
  33  2:40  Warp Gate  
  35  2:46  Pylon  
  35  2:49  Probe (Chrono Boost)  
  36  2:57  Assimilator  
  36  2:59  Probe (Chrono Boost)  
  36  3:02  Probe (Chrono Boost)  
  38  3:08  Stalker  
  38  3:10  Stalker, Probe (Chrono Boost)  
  43  3:13  Probe (Chrono Boost)  
  39  3:27  Probe (Chrono Boost)  
  39  3:28  Probe (Chrono Boost)  
  38  3:38  Probe (Chrono Boost)  
  38  3:46  Probe (Chrono Boost)  
  37  3:48  Probe (Chrono Boost)  
  36  3:57  Probe (Chrono Boost)  
  36  3:59  Probe (Chrono Boost)  
  36  4:02  Pylon  
  36  4:06  Pylon  
  36  4:07  Probe (Chrono Boost)  
  36  4:09  Probe (Chrono Boost)  
  38  4:16  Robotics Facility  
  36  4:18  Probe (Chrono Boost)  
  36  4:21  Assimilator  
  36  4:22  Pylon  
  36  4:23  Probe (Chrono Boost)  
  36  4:28  Probe (Chrono Boost)  
  37  4:33  Probe (Chrono Boost)  
  38  4:39  Probe (Chrono Boost)  
  38  4:44  Probe (Chrono Boost)  
  40  4:50  Probe (Chrono Boost)  
  41  4:54  Probe (Chrono Boost)  
  41  4:55  Stalker x2  
  46  5:00  Probe (Chrono Boost)  
  46  5:04  Forge  
  46  5:05  Probe (Chrono Boost), Observer  
  49  5:10  Twilight Council  
  49  5:11  Probe (Chrono Boost)  
  50  5:15  Probe (Chrono Boost), Pylon  
  52  5:21  Probe (Chrono Boost)  
  52  5:26  Probe (Chrono Boost)  
  51  5:32  Probe (Chrono Boost)  
  50  5:36  Probe (Chrono Boost)  
  50  5:42  Probe (Chrono Boost)  
  50  5:47  Probe (Chrono Boost)  
  51  5:53  Probe (Chrono Boost)  
  52  5:57  Protoss Ground Weapons Level 1  
  52  5:58  Blink  
  52  6:01  Probe (Chrono Boost)  
  52  6:03  Probe (Chrono Boost)  
  58  6:08  Observer  
  55  6:12  Probe (Chrono Boost)  
  55  6:14  Probe (Chrono Boost)  
  57  6:21  Nexus  
  57  6:22  Probe (Chrono Boost), Pylon  
  57  6:23  Pylon  
  57  6:24  Probe (Chrono Boost)  
  59  6:28  Stalker  
  61  6:33  Stalker, Probe (Chrono Boost)  
  64  6:41  Probe (Chrono Boost)  
  64  6:43  Probe (Chrono Boost)  
  66  6:56  Robotics Bay  
  66  6:59  Robotics Facility  
  63  7:02  Stalker x2  
  66  7:11  Probe (Chrono Boost)  
  66  7:12  Probe (Chrono Boost)  
  68  7:19  Gateway  
  68  7:23  Gateway  
  68  7:26  Stalker  
  68  7:27  Stalker  
  55  7:50  Stalker  
  55  7:51  Stalker  
  51  8:11  Disruptor x2, Protoss Ground Weapons Level 2  
  57  8:15  Gateway  
  57  8:16  Gateway  
  53  8:33  Stalker  
  53  8:59  Disruptor x2 (Chrono Boost)  
  53  9:02  Probe (Chrono Boost)  
  61  9:03  Probe x2 (Chrono Boost)  
  62  9:15  Stalker  
  65  9:17  Probe x2 (Chrono Boost)  
  65  9:26  Probe (Chrono Boost)  
  65  9:28  Probe x2 (Chrono Boost)  
  68  9:37  Probe (Chrono Boost)  
  69  9:39  Probe (Chrono Boost)  
  69  9:40  Observer  
  69  9:42  Probe (Chrono Boost)  
  72  9:47  Probe (Chrono Boost)  
  73  9:57  Templar Archives  
  73  10:00  Pylon x2  
  73  10:01  Probe (Chrono Boost)  
  73  10:03  Probe (Chrono Boost)  
  73  10:05  Probe (Chrono Boost)  
  76  10:12  Probe (Chrono Boost)  
  76  10:13  Probe (Chrono Boost)  
  78  10:15  Probe (Chrono Boost)  
  79  10:22  Probe (Chrono Boost)  
  79  10:24  Probe (Chrono Boost)  
  79  10:26  Probe (Chrono Boost)  
  79  10:27  Assimilator  
  82  10:32  Assimilator  
  82  10:33  Probe (Chrono Boost)  
  82  10:34  Probe (Chrono Boost), High Templar x4  
  92  10:36  Probe (Chrono Boost), High Templar  
  92  10:38  High Templar  
  92  10:39  Archon  
  92  10:40  Archon  
  96  10:43  Archon  
  96  10:46  Probe x2 (Chrono Boost)  
  96  10:47  Disruptor  
  96  10:49  Disruptor  
  104  10:50  Protoss Ground Weapons Level 3  
  104  10:57  Probe x2 (Chrono Boost)  
  106  11:00  Probe (Chrono Boost)  
  107  11:07  Probe (Chrono Boost)  
  108  11:20  Nexus  
  108  11:24  Observer, Pylon x2  
  109  11:26  Probe x3 (Chrono Boost)  
  109  11:29  High Templar  
  109  11:30  High Templar  
  116  11:37  Probe (Chrono Boost), Archon  
  117  11:41  Probe x2 (Chrono Boost)  
  119  11:47  Probe (Chrono Boost)  
  119  11:50  Photon Cannon  
  119  11:52  Photon Cannon  
  119  11:53  Photon Cannon  
  123  11:57  Immortal (Chrono Boost)  
  123  12:00  Immortal (Chrono Boost)  
  128  12:14  Stalker x2  
  128  12:15  Stalker x2  
  136  12:17  Stalker  
  138  12:38  Immortal x2 (Chrono Boost)  
  138  12:41  Assimilator  
  146  12:46  Assimilator  
  146  12:47  High Templar x3  
  146  12:48  High Templar  
  146  12:49  Zealot  
  146  12:50  Pylon  
  156  12:52  Archon  
  156  12:53  Archon  
  156  13:02  Pylon  
  156  13:03  Pylon  
  156  13:04  Pylon  
  156  13:05  Pylon x2  
  156  13:07  Pylon  
  156  13:08  Pylon  
  156  13:14  Charge  
  156  13:16  Immortal (Chrono Boost), Protoss Ground Armor Level 1  
  156  13:19  Immortal (Chrono Boost)  
  164  13:33  Stalker x2  
  164  13:34  Stalker x2  
  170  13:39  Stalker  
  174  13:42  Zealot  
  174  13:43  Probe  
  174  13:44  Probe x3  
  180  13:59  Gateway x2  
  180  14:01  Gateway  
  180  14:16  Nexus  
  180  14:18  Pylon  
  180  14:20  Pylon  
  180  14:24  Stalker x4  
  188  14:36  Stalker x2  
  190  14:51  Stargate  
  190  14:54  Stargate  
  190  14:55  Stargate  
  190  14:57  Stargate  
  190  15:01  Stalker x4  
  190  15:02  Stalker  
  200  15:21  Photon Cannon  
  200  15:22  Photon Cannon  
  200  15:24  Photon Cannon  
  200  15:25  Protoss Ground Armor Level 2, Photon Cannon  
  200  15:28  Photon Cannon  
  200  15:29  Photon Cannon  
  200  15:31  Protoss Air Weapons Level 1  
  200  15:53  Fleet Beacon  
  200  15:55  Assimilator  
  200  15:58  Assimilator  
  200  16:02  Pylon  
  200  16:14  Nexus  
  200  16:16  Pylon  
  200  16:18  Pylon  
  181  17:24  Tempest x4 (Chrono Boost)  
  181  17:26  Stalker  
  181  17:27  Stalker  
  173  17:46  Stalker  
  173  17:47  Stalker x5  
  173  17:48  Stalker  
  183  18:01  Tempest x4 (Chrono Boost)  
  191  18:53  Zealot x4  
  191  18:54  Zealot x5  
Tags
 
Add a new tag
Caveats
  • Supply blocks, unpowered buildings, or Contaminate may cause inaccurate times.
  • Supply counts are checked every 10 seconds.